 Dungeon Crawl Stone Soup version 0.29.0-13-gc9e81de378 (webtiles) character file.

Game seed: 1395551263558105351

118 leavemydog the Conjurer (level 4, 0/24 HPs)
             Began as a Deep Elf Conjurer on Sept 8, 2022.
             Blown up by Ijyb (14 damage)
             ... with a mindburst bolt
             ... on level 3 of the Dungeon.
             The game lasted 00:02:28 (2573 turns).

leavemydog the Conjurer (Deep Elf Conjurer)         Turns: 2573, Time: 00:02:29

Health: 0/24       AC:  3    Str:  4    XL:     4   Next: 72%
Magic:  7/12       EV: 12    Int: 25    God:
Gold:   61         SH:  0    Dex: 13    Spells: 8/11 levels left

rFire   . . .      SeeInvis .   c - +0 dagger
rCold   . . .      Faith    .   (no shield)
rNeg    . . .      Spirit   .   a - +0 robe
rPois   .          Reflect  .   (no helmet)
rElec   .          Harm     .   n - +0 cloak
rCorr   .          Rampage  .   (no gloves)
Will    .....                   (no boots)
Stlth   ++........              (no amulet)
HPRegen 0.08/turn               (no ring)
MPRegen 0.13/turn               (no ring)

@: no status effects
A: no striking features
a: no special abilities


You were on level 3 of the Dungeon.
You visited 1 branch of the dungeon, and saw 3 of its levels.

You collected 61 gold pieces.

Inventory:

Hand Weapons
 c - a +0 dagger (weapon)
Armour
 a - a +0 robe (worn)
 n - a +0 cloak (worn)
Scrolls
 b - 3 scrolls of enchant armour {unknown}
 d - 5 scrolls of identify {unknown}
 e - 2 scrolls of poison {unknown}
 f - a scroll of immolation
 g - a scroll of fog {unknown}
 h - 2 scrolls of enchant weapon {unknown}
 j - 2 scrolls of silence {unknown}
 k - a scroll of fear {unknown}
 l - a scroll of amnesia {unknown}
Potions
 i - a potion of brilliance {unknown}
 m - a potion of haste {unknown}
 o - a potion of curing {unknown}
 p - a potion of degeneration {unknown}


   Skills:
 - Level 2.4 Dodging
 - Level 2.4 Stealth
 + Level 4.3 Spellcasting
 + Level 6.2 Conjurations


You had 8 spell levels left.
You knew the following spells:

 Your Spells              Type           Power      Damage    Failure   Level
a - Magic Dart            Conj           100%       1d8       1%          1
b - Searing Ray           Conj           72%        2d7       1%          2

Your spell library contained the following spells:

 Spells                   Type           Power      Damage    Failure   Level
 Dazzling Flash           Conj/Hex       42%        N/A       8%          3
 Fulminant Prism          Conj/Hex       10%        3d9       24%         4
 Iskenderun's Mystic Bla  Conj/Tloc      21%        2d6       24%         4


Dungeon Overview and Level Annotations

Branches:
Dungeon (3/15)

Altars:
Uskayaw

Annotations:
D:3 Ijyb


Message History

A jackal comes into view.
The magic dart hits the jackal!
You kill the jackal!
The magic dart hits the jackal.
You kill the jackal!
You can't see any susceptible monsters within range! (Use Z to cast anyway.)
You can't see any susceptible monsters within range! (Use Z to cast anyway.)
An adder comes into view.
An adder is nearby!
An adder is nearby!
The magic dart hits the adder.
The adder is moderately wounded.
The adder hisses angrily.
The magic dart hits the adder.
The adder is severely wounded.
The magic dart hits the adder.
The adder is almost dead.
The magic dart hits the adder.
You kill the adder!
o - a pink potion
d - 5 scrolls labelled LUUNGYPRETERPH (gained 1)
p - a sapphire potion Ijyb the Twisted Goblin comes into view.
She is wielding a +0 dagger and carrying a wand of mindburst (15).
Ijyb shouts!
Ijyb is nearby!
The magic dart hits Ijyb but does no damage.
The magic dart hits Ijyb.
Ijyb is lightly wounded.
Casting: Magic Dart (safe; 1% risk of failure)
Confirm with . or Enter, or press ? or * to list all spells.
Aiming: Searing Ray (safe; 1% risk of failure)
Press: ? - help, Shift-Dir - straight line, f/p - Ijyb
Aim: Ijyb, wielding a +0 dagger, wearing a +0 leather armour and carrying a wand of mindburst (15) (lightly wounded, 76% to hit)
The searing ray hits Ijyb.
Ijyb is moderately wounded. (Press . to maintain the ray.) Ijyb zaps a wand.
Your mind is blasted!
The searing ray misses Ijyb.
Ijyb zaps a wand.
Your mind is blasted!
Ouch! That really hurt!
You die...

.###........####....
.# ####..............
## ####.##.#....#...
#.....#..........
#.....)....##.... .
#.......†#.##.### ..
#.............# #.#
#.....###.##.##?..#..
#.....#......@.......
#.....#..............
#.... #..............
##### #..............
########...g...
#...#.. #### #


You could see Ijyb.

Vanquished Creatures
  Terence (D:2)
  4 adders
  A worm (D:2)
  3 dart slugs
  An orc (D:3)
  2 ball pythons (D:1)
  6 endoplasms
  2 giant cockroaches (D:2)
  3 goblins
  2 hobgoblins (D:1)
  6 jackals
  2 quokkas (D:1)
  A bat (D:1)
  3 frilled lizards
  4 kobolds
  5 rats
46 creatures vanquished.

Notes
Turn   | Place    | Note
-------+----------+-------------------------------------------
     0 | D:1      | leavemydog the Deep Elf Conjurer began the quest for the
                  | Orb.
     0 | D:1      | Reached XP level 1. HP: 10/10 MP: 6/6
   232 | D:1      | Reached XP level 2. HP: 15/15 MP: 4/8
   235 | D:1      | Learned a level 2 spell: Searing Ray
   379 | D:1      | Found a faded altar of an unknown god.
   388 | D:1      | Reached skill level 5 in Conjurations
  1014 | D:1      | Reached XP level 3. HP: 19/19 MP: 6/9
  1257 | D:2      | Noticed Terence
  1267 | D:2      | Killed Terence
  1571 | D:2      | Reached XP level 4. HP: 24/24 MP: 6/11
  1922 | D:2      | Reached skill level 6 in Conjurations
  2389 | D:3      | Found a hide-covered altar of Uskayaw.
  2569 | D:3      | Noticed Ijyb
  2573 | D:3      | Blown up by Ijyb

Illustrated notes

Levels and vault maps discovered:
D:1:      lemuel_arrival_funnel, layout_loops_ring,
          hellmonk_ecumenical_altar_blasted
D:2:      cheibrodos_helix_gallery, layout_loops_ring, uniq_terence
D:3:      layout_rooms, mainiacjoe_overflow_catwalk,
          mainiacjoe_overflow_tiny_flanked, grunt_decor_one_mirror,
          patterned_corridor, uniq_ijyb, uniq_robin

Skill      XL: |  1  2  3  4 |
---------------+-------------+-----
Conjurations   | 5 6 |  6.2
Spellcasting   | 4 |  4.3
Dodging        | |  2.4
Stealth        | |  2.4

Action                   |  1- 3 |  4- 6 || total
-------------------------+-------+-------++-------
Melee: Dagger            |     8 |       ||     8
 Cast: Magic Dart        |    61 |    29 ||    90
       Searing Ray       |     4 |     1 ||     5
  Use: Potion            |     2 |       ||     2
Armor: Robe              |     8 |       ||     8
Dodge: Dodged            |    25 |     1 ||    26
